 Dungeon Crawl Stone Soup version 0.29-a0-613-gf2c431b9b9 (webtiles) character file.

Game seed: 3861293562531317213

823 DocClef the Chopper (level 7, -1/63 HPs)
             Began as a Purple Draconian Fighter on June 16, 2022.
             Succumbed to a killer bee's poison
             ... on level 6 of the Dungeon.
             The game lasted 00:05:01 (4594 turns).

DocClef the Chopper (Purple Draconian Fighter)      Turns: 4594, Time: 00:05:02

Health: -1/63      AC: 10    Str: 21    XL:     7   Next: 63%
Magic:  7/7        EV: 12    Int:  8    God:
Gold:   390        SH:  0    Dex: 10    Spells: 6/6 levels left

rFire   . . .      SeeInvis .   v - +2 battleaxe (vorpal)
rCold   + . .      Faith    .   (shield currently unavailable)
rNeg    . . .      Spirit   .   (body armour unavailable)
rPois   .          Reflect  .   (helmet restricted)
rElec   .          Harm     .   r - +2 cloak
rCorr   .          Rampage  .   (no gloves)
Will    +....                   E - +0 pair of boots
Stlth   +.........              f - amulet of regeneration
HPRegen 1.00/turn               (no ring)
MPRegen 0.10/turn               (no ring)

@: lethally poisoned (-1 -> -25)
A: breathe power, AC +6, unfitting armour, cold-blooded, horns 1, cold
resistance 1
a: Breathe Dispelling Energy


You were on level 6 of the Dungeon.
You visited 1 branch of the dungeon, and saw 7 of its levels.

You collected 390 gold pieces.

Inventory:

Hand Weapons
 a - a +1 war axe
 v - a +2 vorpal battleaxe (weapon)
Armour
 b - a +1 buckler
 r - a +2 cloak (worn)
 E - a +0 pair of boots (worn)
Jewellery
 f - an amulet of regeneration (around neck)
 j - a ring of ice
 x - a ring of flight
Scrolls
 k - 4 scrolls of identify
 n - 2 scrolls of enchant armour
 s - a scroll of amnesia {unknown}
 u - 3 scrolls of teleportation
 w - a scroll of magic mapping
 y - a scroll of silence {unknown}
 z - 3 scrolls of vulnerability {unknown}
 A - a scroll of blinking
 B - 4 scrolls of enchant weapon
 C - 3 scrolls of acquirement {unknown}
 D - a scroll of poison {unknown}
Potions
 c - 2 potions of might
 d - a potion of cancellation {unknown}
 e - 5 potions of curing
 g - a potion of ambrosia {unknown}
 h - 2 potions of lignification
 i - 2 potions of brilliance {unknown}
 l - a potion of mutation
 m - 2 potions of magic {unknown}
 o - a potion of degeneration {unknown}
 p - 4 potions of invisibility {unknown}
 q - a potion of haste {unknown}
 t - 3 potions of heal wounds {unknown}


   Skills:
 - Level 6.1 Fighting
 + Level 7.5 Axes
 - Level 2.6 Dodging
 - Level 3.0 Shields


You had 6 spell levels left.
You didn't know any spells.
Your spell library contained the following spells:

 Spells                   Type           Power      Damage    Failure   Level
 Slow                     Hex            0%         N/A       41%         1
 Blink                    Tloc           0%         N/A       54%         2
 Confusing Touch          Hex            0%         N/A       78%         3
 Conjure Flame            Conj/Fire      0%         6-21      78%         3
 Ignite Poison            Fire/Tmut/Pois 0%         N/A       78%         3
 Lesser Beckoning         Tloc           0%         N/A       78%         3
 Vampiric Draining        Necr           0%         2d6       78%         3
 Sticky Flame             Conj/Fire      0%         2d3       99%         4
 Manifold Assault         Tloc           0%         N/A       100%        5


Dungeon Overview and Level Annotations

Branches:
Dungeon (7/15)
 Temple: D:4-7

Altars:
Cheibriados
Elyvilon
Kikubaaqudgha
Yredelemnul
Zin

Shops:
D:5 *


Innate Abilities, Weirdness & Mutations

You can breathe bolts of dispelling energy.
Your rich purple scales are hard. (AC +6)
You cannot fit into any form of body armour.
You are cold-blooded and may be slowed by cold attacks.
You have a pair of small horns on your head.
Your flesh is cold resistant. (rC+)


Message History

The killer bee stings you but does no damage.
Unknown command.
You struggle against the net.
The killer bee barely misses you.
The killer bee stings you but does no damage. x2
The killer bee barely misses you. The killer bee stings you!
The killer bee completely misses you. The killer bee stings you.
You are poisoned.
The killer bee poisons you!
A gnoll comes into view. It is wielding a +0 halberd.
The killer bee stings you but does no damage.
The killer bee stings you.
You rip the net and break free!
You feel very sick. The killer bee stings you!
You are more poisoned.
The killer bee poisons you! The killer bee closely misses you.
The killer bee misses you.
The killer bee stings you but does no damage.
The killer bee closely misses you. The killer bee stings you.
You are more poisoned.
The killer bee poisons you! The killer bee closely misses you.
The killer bee stings you. The killer bee misses you.
The killer bee stings you but does no damage.
A manticore comes into view.
The killer bee barely misses you.
* * * LOW HITPOINT WARNING * * *
You feel very sick. The killer bee closely misses you.
The killer bee stings you.
* * * LOW HITPOINT WARNING * * *
The killer bee stings you.
* * * LOW HITPOINT WARNING * * *
You are more poisoned.
The killer bee poisons you! The killer bee barely misses you. x2
The killer bee closely misses you. The killer bee barely misses you.
The killer bee closely misses you. The killer bee stings you.
* * * LOW HITPOINT WARNING * * *
The killer bee stings you but does no damage.
The killer bee barely misses you. The killer bee closely misses you.
You climb upwards.
You die...

.............# ...##..#.#.#.#
...##.[#...#.# ##.†......##.###
######## ####).#.......# #.......
#####)<......#.# #.#####.
..........###.y### ##.#####.
..######.##...yyy########.(...##.
..# #.......#@y.........##.##.
.## #.......###########.......
..# ##.#.##.# #....... ..#
#...##.# ##.#.### ..# #..###.#
#.#..## ..# #......# #.##.## ..#
####.##### ####### #.##.##
..#####.......## #.....# #......
........##.....###.....# #......


You could see 5 killer bees.

Vanquished Creatures
  A black bear (D:6)
  2 phantoms (D:4)
  A bullfrog (D:6)
  A necrophage (D:4)
  An electric eel (D:6)
  2 hounds
  An orc priest (D:5)
  5 iguanas
  An orc wizard (D:5)
  Terence (D:3)
  3 adders
  A shadow imp (D:6)
  2 white imps (D:5)
  2 ufetubi
  2 worms
  3 dart slugs
  12 orcs
  9 ball pythons
  4 endoplasms
  A giant cockroach (D:2)
  7 goblins
  6 hobgoblins
  10 jackals
  3 kobolds
  2 quokkas
  2 bats
  3 frilled lizards
  4 rats
92 creatures vanquished.

Vanquished Creatures (others)
  2 plants (D:6)
2 creatures vanquished.

Grand Total: 94 creatures vanquished

Notes
Turn   | Place    | Note
-------+----------+-------------------------------------------
     0 | D:1      | DocClef the Draconian Fighter began the quest for the Orb.
     0 | D:1      | Reached XP level 1. HP: 19/19 MP: 1/1
   344 | D:1      | Reached XP level 2. HP: 27/27 MP: 2/2
   459 | D:1      | Found a faded altar of an unknown god.
  1167 | D:2      | Gained mutation: Your flesh is cold resistant. (rC+)
                  | [potion of mutation]
  1167 | D:2      | Gained mutation: You have a pair of small horns on your
                  | head. [potion of mutation]
  1185 | D:2      | Reached XP level 3. HP: 24/34 MP: 3/3
  1408 | D:2      | Reached skill level 5 in Fighting
  1678 | D:3      | Reached XP level 4. HP: 41/42 MP: 4/4
  1798 | D:3      | Noticed Terence
  1802 | D:3      | Killed Terence
  1895 | D:3      | Found an ancient bone altar of Kikubaaqudgha.
  2303 | D:4      | Noticed a phantom
  2323 | D:4      | Killed a phantom
  2324 | D:4      | Reached skill level 3 in Axes
  2324 | D:4      | Reached XP level 5. HP: 42/50 MP: 5/5
  2425 | D:4      | Noticed a phantom
  2432 | D:4      | Killed a phantom
  2433 | D:4      | Reached skill level 4 in Axes
  2433 | D:4      | Reached XP level 6. HP: 54/57 MP: 6/6
  2618 | D:4      | Reached skill level 5 in Axes
  3006 | D:5      | Entered Level 5 of the Dungeon
  3033 | D:5      | Found a white marble altar of Elyvilon.
  3145 | D:5      | Found a basalt altar of Yredelemnul.
  3212 | D:5      | Found Qoox Xob's Assorted Antiques.
  3436 | D:5      | Found a snail-covered altar of Cheibriados.
  3861 | D:6      | Reached skill level 6 in Axes
  3861 | D:6      | Your scales start taking on a rich purple colour.
  3861 | D:6      | Reached XP level 7. HP: 63/63 MP: 7/7
  3966 | D:6      | Found a glowing silver altar of Zin.
  4075 | D:6      | Reached skill level 7 in Axes
  4592 | D:7      | Noticed a manticore
  4594 | D:6      | Succumbed to a killer bee's poison

Illustrated notes

Levels and vault maps discovered:
D:1:      ncdulo_lavacross, layout_loops_corners,
          hellmonk_ecumenical_altar_dog_temple, st_stairs_12
D:2:      layout_rooms
D:3:      layout_basic, mainiacjoe_overflow_six_doors_small, minmay_checkerbox,
          uniq_terence
D:4:      layout_gridville, chequers_serial_rivers_micro_d,
          corexii_hall_statues_l
D:5:      layout_cave_pods, mainiacjoe_overflow_small_starburst,
          mainiacjoe_overflow_large_starburst, serial_shops, shop
D:6:      layout_loops_cross, zin_treasury, chequers_serial_rivers_small_a,
          serial_bayou_lagoon_b
D:7:      layout_cave_pools, minmay_temple_entry_glassed_door,
          serial_park_tiny_2

Skill      XL: |  1  2  3  4  5  6  7 |
---------------+----------------------+-----
Fighting       | 4 5 6 |  6.1
Axes           | 3 4 6 7 |  7.5
Dodging        | |  2.6
Shields        | |  3.0

Action                   |  1- 3 |  4- 6 |  7- 9 || total
-------------------------+-------+-------+-------++-------
Melee: War axe           |    85 |    22 |       ||   107
       Tailslap          |     2 |     8 |     2 ||    12
       Headbutt          |     1 |    13 |     2 ||    16
       Battleaxe         |       |    99 |    21 ||   120
  Use: Scroll            |     9 |     2 |       ||    11
       Potion            |     1 |       |       ||     1
Armor: Skin              |    32 |    55 |    18 ||   105
Dodge: Dodged            |    59 |    62 |    29 ||   150
Block: Buckler           |    18 |     2 |       ||    20

Table legend: (Time is in decaauts)
 A = Elapsed time spent in this place.
 B = Non-inter-level travel time spent in this place.
 C = Inter-level travel time spent in this place.
 D = Time resting spent in this place.
 E = Time spent auto-exploring this place.
 F = Levels seen in this place.
 G = Mean time per level.
                   A        B        C        D        E       F      G
               +--------+--------+--------+--------+--------+-----+--------+
         Total |   4716 |   4571 |    145 |      0 |   3813 |   7 |  673.7 |
       Dungeon |   4716 |   4571 |    145 |      0 |   3813 |   7 |  673.7 |
               +--------+--------+--------+--------+--------+-----+--------+

Top non-repeatable levels by time:
     D:1: 1010 daAuts
     D:5: 864 daAuts
     D:4: 858 daAuts
     D:6: 763 daAuts
     D:2: 690 daAuts
     D:3: 523 daAuts
     D:7: 6 daAuts
